 Dungeon Crawl Stone Soup version 0.22-a0-422-g9628fc8 (webtiles) character file.

27422 DrEnzyme the Grappler (level 13, -9/114 HPs)
             Began as a Troll Fighter on May 19, 2018.
             Was an Elder of Okawaru.
             Mangled by an orc knight
             ... wielding a +0 battleaxe
              (26 damage)
             ... on level 2 of the Orcish Mines on May 20, 2018.
             The game lasted 01:40:52 (13144 turns).

DrEnzyme the Grappler (Troll Fighter)              Turns: 13144, Time: 01:40:52

Health: -9/114     AC: 14    Str: 27    XL:     13   Next: 4%
Magic:  14/14      EV: 14    Int:  6    God:    Okawaru [****..]
Gold:   303        SH:  0    Dex: 15    Spells: 12/12 levels left

rFire    . . .     SeeInvis .   v - +2 demon trident (pain)
rCold    . . .     Gourm    +   (no shield)
rNeg     . . .     Faith    .   A - +4 troll leather armour
rPois    .         Spirit   .   (helmet restricted)
rElec    .         Reflect  .   l - +2 cloak
rCorr    .         Harm     .   (gloves unavailable)
MR       ++...     Rnd*Rage +   (boots unavailable)
Stlth    ++........             E - necklace of Bloodlust {*Rage +Rage MR++ Int-3 Slay+6 *Curse} (curse)
HPRegen  1.09/turn              s - +4 ring of slaying
MPRegen  0.14/turn              j - +5 ring of intelligence

@: hasted, very quick
A: large, unfitting armour, beak, claws 3, agile 1, fast metabolism 3, frail 1,
gourmand, regeneration 1, shaggy fur 1, tough skin 2
a: Heroism, Renounce Religion, Evoke Berserk Rage


You were on level 2 of the Orcish Mines.
You worshipped Okawaru.
Okawaru was greatly pleased with you.
You were completely stuffed.

You visited 4 branches of the dungeon, and saw 16 of its levels.
You also visited: Sewer.

You collected 1295 gold pieces.
You spent 992 gold pieces at shops.

Inventory:

Hand Weapons
 b - a +2 shortbow of velocity
 k - a +4 glaive of chopping
 r - a +0 mace of venom
 v - a +2 demon trident of pain (weapon)
 F - the +5 war axe of Ylayrepn {vamp, MR+}
   (You found it on level 7 of the Dungeon)

   It inflicts no extra harm, but heals its wielder when it wounds a living foe.
   It affects your resistance to hostile enchantments.
 J - a +1 fustibalus of freezing
Missiles
 w - 185 arrows
 D - 5 large rocks (quivered)
Armour
 a - a +0 robe
 l - a +2 cloak (worn)
 m - a +0 shield
 A - a +4 troll leather armour (worn)
 C - a +2 large shield
Jewellery
 j - a +5 ring of intelligence (right claw)
 n - an uncursed amulet of faith
 s - a +4 ring of slaying (left claw)
 E - the cursed necklace of Bloodlust (around neck) {*Rage +Rage MR++ Int-3 Slay+6 *Curse}
   (You acquired it on level 11 of the Dungeon)

   [amulet of rage]

   It affects your intelligence (-3).
   It affects your accuracy and damage with ranged weapons and melee attacks
   (+6).
   It affects your resistance to hostile enchantments.
   It lets you go berserk.
   It may make you go berserk in combat.
   It curses itself when equipped.
   It has a curse placed upon it.
Wands
 i - a wand of flame (27)
 q - a wand of paralysis (11)
 B - a wand of disintegration (16)
 G - a wand of iceblast (4)
 I - a wand of clouds (6)
Scrolls
 c - 2 scrolls of identify
 e - a scroll of magic mapping
 f - 2 scrolls of remove curse
 o - 2 scrolls of teleportation
 p - 2 scrolls of blinking
 u - 3 scrolls of immolation
 x - a scroll of fear
 y - a scroll of enchant weapon {unknown}
 z - 3 scrolls of amnesia
Potions
 h - a potion of magic
 M - a potion of cancellation
Comestibles
 d - 24 rations
 H - a chunk of flesh


   Skills:
 * Level 7.8 Fighting
 * Level 7.9(8.7) Axes
 + Level 5.4(7.5) Polearms
 + Level 1.0 Throwing
 + Level 3.7 Armour
 * Level 8.0 Dodging
 + Level 2.1 Stealth
 + Level 5.7 Shields
 + Level 10.9 Unarmed Combat
 * Level 3.7 Invocations


You had 12 spell levels left.
You didn't know any spells.
Your spell library contained the following spells:

 Spells                   Type           Power        Failure   Level  Hunger
 Apportation              Tloc           #.....       50%         1    ##.....
 Throw Frost              Conj/Ice       #.....       63%         2    ###....
 Summon Small Mammal      Summ           #...         50%         1    ##.....
 Animate Skeleton         Necr           N/A          50%         1    ##.....
 Freeze                   Ice            #...         50%         1    ##.....
 Summon Ice Beast         Ice/Summ       #.......     99%         4    #####..
 Ozocubu's Armour         Chrm/Ice       #.......     86%         3    ####...
 Throw Icicle             Conj/Ice       #.......     99%         4    #####..
 Confusing Touch          Hex            #.....       50%         1    ##.....


Dungeon Overview and Level Annotations

Branches:
Dungeon (12/15)            Temple (1/1) D:6            Lair (1/6) D:11
    Orc (2/2) D:11            Elf (0/3) Orc:2

Altars:
Ashenzari
Cheibriados
Dithmenos
Elyvilon
Fedhas
Gozag
Kikubaaqudgha
Makhleb
Nemelex Xobeh
Okawaru
Qazlal
Ru
Sif Muna
Trog
Uskayaw
Vehumet
Wu Jian
Xom
Yredelemnul
Zin
The Shining One
Beogh

Shops:
D:6 ?   D:11 ?   Orc:1 ?

Annotations:
D:2 exclusion: downstairs
D:5 exclusions: scorpion and sky beast
D:7 exclusion: 2 downstairs
D:10 exclusion: 3 downstairs
D:11 exclusion: 3 oklob plants
D:12 b5mith's ghost, journeyman MiBe
Lair:1 exclusion: 2 komodo dragons
Orc:1 exclusion: ettin


Innate Abilities, Weirdness & Mutations

You are too large for most types of armour.
You have claws for hands.
Your metabolism is lightning-fast.
You like to eat raw meat.
Your natural rate of healing is unusually fast.
You are covered in fur. (AC +1)
You have very tough skin. (AC +2)
You have a beak for a mouth.
You are agile. (Dex +2)
You are frail. (-10% HP)


Message History

You impale the orc knight!!
The orc knight is severely wounded.
The orc warrior hits you from afar with a halberd!
* * * LOW HITPOINT WARNING * * *
Quiver which item? (- for none, * to show all) (? for menu, Esc to quit)
Okay, then.
Quiver which item? (- for none, * to show all) (? for menu, Esc to quit)
Okay, then.
You feel better. The orc knight misses you. The orc warrior closely misses you.
You feel yourself speed up.
The orc knight hits you but does no damage.
The orc warrior hits you from afar with a halberd!!
* * * LOW HITPOINT WARNING * * *
You closely miss the orc knight. You peck the orc knight.
The orc knight is severely wounded.
You barely miss the orc knight. You peck the orc knight!
Your claw misses the orc knight.
The orc knight is almost dead.
The orc knight hits you with a battleaxe!!
You die...

............)....(..[..........
...#.))..#.#.(#.[....o.........
..###.....#....[...o...........
...##......#..[...#............
....#.......#[#....#...........
.....)...#.##)##..##.#.........
....#^....##.[[#.o.............
....##...####[###o##.##.#....
...##..##.##.###@..##.......
...#..)[.[....###.## ...
...#.))[#[##.## ### ..
.....>.#<##### . ......#...#
..#.......# ####..##.## #
#######


You could see an orc knight and an orc warrior.

Vanquished Creatures
  A hydra (D:11)
  5 two-headed ogres
  4 centaur warriors
  The ghost of Aqweryyt the Cudgeler, a novice DrVM (D:8)
  An orc high priest (Orc:2)
  Pikel (D:8)
  3 orc sorcerers (Orc:2)
  An orc knight (Orc:1)
  A manticore (D:11)
  Joseph (D:7)
  2 queen bees
  4 trolls
  2 hippogriffs
  Prince Ribbit (D:7)
  5 blink frogs (Lair:1)
  A slime creature (D:11)
  Sigmund (D:6)
  The ghost of loopi the Chopper, an amateur OgWn (D:3)
  A wraith (D:11)
  2 wyverns
  4 yaks (D:11)
  A hungry ghost (D:6)
  4 wargs
  Menkaure (D:7)
  2 water moccasins
  An acid dragon (D:11)
  3 porcupines
  A slave (D:8)
  4 ice beasts
  2 black bears (D:10)
  25 orc warriors
  3 sky beasts
  The ghost of thressure the Skirmisher, an amateur DrBe of Trog (D:7)
  9 ogres
  4 centaurs
  5 phantoms
  3 wolves (Lair:1)
  5 big kobolds
  2 crocodiles (D:8)
  8 bullfrogs
  2 scorpions
  52 killer bees
  13 wights
  5 howler monkeys
  8 crimson imps
  5 bullfrog zombies
  A jelly (D:8)
  4 hounds
  8 orc priests
  A bullfrog skeleton (D:8)
  A centaur skeleton (D:11)
  5 iguanas
  Natasha (thrice) (D:2)
  22 orc wizards
  6 worker ants
  2 hound zombies
  A worker ant zombie (D:9)
  4 gnolls (D:8)
  3 river rats (Sewer)
  15 adders
  3 shadow imps
  5 oozes
  An adder skeleton (D:6)
  8 worms
  A dart slug (D:1)
  6 leopard geckos
  97 orcs
  7 ball pythons
  12 bats
  6 giant cockroaches
  5 goblins
  12 hobgoblins
  24 jackals
  3 quokkas
  5 frilled lizards
  A jackal skeleton (D:4)
  18 kobolds
  A leopard gecko zombie (D:5)
  11 rats
  2 fungi (D:11)
  A plant (D:11)
517 creatures vanquished.

Vanquished Creatures (others)
  3 slaves (D:8)
  26 fungi
  4 plants (D:11)
33 creatures vanquished.

Grand Total: 550 creatures vanquished

Notes
Turn   | Place    | Note
-------+----------+-------------------------------------------
     0 | D:1      | DrEnzyme the Troll Fighter began the quest for the Orb.
     0 | D:1      | Reached XP level 1. HP: 22/22 MP: 0/0
     0 | D:1      | Noticed an orb of fire
     0 | D:1      | Noticed a tentacled monstrosity
     1 | D:1      | Noticed a large abomination
     1 | D:1      | Noticed an orb of fire
     3 | D:1      | Noticed a shadow dragon
     5 | D:1      | Noticed a shadow dragon
     6 | D:1      | Noticed an ice dragon
     7 | D:1      | Noticed a purple draconian
     8 | D:1      | Noticed an orb of fire
    10 | D:1      | Noticed an iron dragon
    14 | D:1      | Noticed an iron dragon
    14 | D:1      | Noticed a green draconian
    16 | D:1      | Noticed a large abomination
    16 | D:1      | Noticed a tentacled monstrosity
    18 | D:1      | Noticed an ice dragon
   159 | D:1      | Reached XP level 2. HP: 29/29 MP: 1/1
   934 | D:2      | Reached XP level 3. HP: 24/36 MP: 2/2
  1090 | D:2      | Noticed Natasha
  1103 | D:2      | Killed Natasha
  1103 | D:2      | Reached XP level 4. HP: 37/44 MP: 3/3
  1279 | D:2      | Reached skill level 3 in Unarmed Combat
  1389 | D:2      | Noticed Natasha
  1409 | D:2      | Killed Natasha
  1409 | D:2      | Reached XP level 5. HP: 52/52 MP: 4/4
  1516 | D:2      | Noticed Natasha
  1523 | D:2      | Killed Natasha
  1654 | D:3      | Noticed loopi's ghost (amateur OgWn)
  1905 | D:3      | Killed loopi's ghost
  1905 | D:3      | Reached skill level 4 in Unarmed Combat
  1905 | D:3      | Reached XP level 6. HP: 20/61 MP: 5/5
  2160 | D:3      | Found a hide-covered altar of Uskayaw.
  2191 | D:3      | Reached skill level 5 in Unarmed Combat
  2749 | D:4      | Reached XP level 7. HP: 63/67 MP: 6/6
  2872 | D:4      | Reached skill level 6 in Unarmed Combat
  3261 | D:4      | Found a deep blue altar of Sif Muna.
  3359 | D:5      | Entered Level 5 of the Dungeon
  3499 | D:5      | Reached XP level 8. HP: 76/76 MP: 7/7
  3716 | D:5      | Reached skill level 7 in Unarmed Combat
  3956 | D:6      | Found Eceut's Magic Scroll Boutique.
  4039 | D:6      | Reached skill level 5 in Dodging
  4052 | D:6      | Noticed Sigmund
  4054 | D:6      | Reached skill level 1 in Stealth
  4054 | D:6      | Reached skill level 8 in Unarmed Combat
  4100 | D:6      | Found a glowing drain.
  4104 | Sewer    | Entered a sewer
  4404 | Sewer    | Reached XP level 9. HP: 84/84 MP: 8/8
  4673 | D:6      | Killed Sigmund
  4688 | D:6      | Reached skill level 9 in Unarmed Combat
  4757 | D:6      | Found a staircase to the Ecumenical Temple.
  4788 | Temple   | Entered the Ecumenical Temple
  5016 | Temple   | Became a worshipper of Warmaster Okawaru
  5100 | D:6      | Found a radiant altar of Vehumet.
  5150 | D:6      | Bought a scroll of vulnerability for 82 gold pieces
  5150 | D:6      | Bought a scroll of identify for 22 gold pieces
  5150 | D:6      | Bought a scroll of identify for 22 gold pieces
  5253 | D:6      | Found a stormy altar of Qazlal.
  5308 | D:6      | Noticed a troll
  5319 | D:6      | Killed a troll
  5512 | D:7      | Noticed thressure's ghost (amateur DrBe)
  5529 | D:7      | Killed thressure's ghost
  5550 | D:7      | Noticed Prince Ribbit
  5556 | D:7      | Killed Prince Ribbit
  5556 | D:7      | Reached skill level 10 in Unarmed Combat
  5626 | D:7      | Noticed Menkaure
  5636 | D:7      | Killed Menkaure
  5636 | D:7      | Reached * piety under Okawaru
  5721 | D:7      | Noticed Joseph
  5822 | D:7      | Got a transparent war axe
  5823 | D:7      | Identified the +5 war axe of Ylayrepn {vamp, MR+} (You found it on level 7 of the Dungeon)
  6010 | D:7      | Found a radiant altar of Vehumet.
  6013 | D:7      | Found a shattered altar of Ashenzari.
  6019 | D:7      | Found a blossoming altar of Fedhas.
  6309 | D:8      | Reached skill level 1 in Axes
  6349 | D:8      | Noticed a two-headed ogre
  6391 | D:7      | Killed Joseph
  6391 | D:7      | Reached skill level 5 in Fighting
  6391 | D:7      | Reached skill level 1 in Armour
  6391 | D:7      | Reached XP level 10. HP: 96/96 MP: 9/9
  6472 | D:8      | Noticed Pikel
  6514 | D:9      | Reached ** piety under Okawaru
  7307 | D:10     | Entered Level 10 of the Dungeon
  7439 | D:10     | Noticed a centaur warrior
  7447 | D:10     | Killed a centaur warrior
  7447 | D:10     | Reached *** piety under Okawaru
  7925 | D:10     | Reached skill level 5 in Axes
  7991 | D:10     | Noticed a two-headed ogre
  8000 | D:10     | Killed a two-headed ogre
  8000 | D:10     | Reached **** piety under Okawaru
  8000 | D:10     | Reached skill level 1 in Throwing
  8000 | D:10     | Reached skill level 5 in Shields
  8216 | D:10     | Reached XP level 11. HP: 105/105 MP: 10/10
  8365 | D:11     | Found Guntir's Magic Scroll Shop.
  8421 | D:11     | Found a staircase to the Lair.
  8485 | D:11     | Noticed a six-headed hydra
  8812 | D:12     | Gained mutation: You have a beak for a mouth. [potion of mutation]
  8812 | D:12     | Gained mutation: You are frail. (-10% HP) [potion of mutation]
  8812 | D:12     | Gained mutation: You are agile. (Dex +2) [potion of mutation]
  8831 | D:12     | Noticed b5mith's ghost (journeyman MiBe)
  8842 | D:12     | Noticed a five-headed hydra
  8870 | D:11     | Noticed a four-headed hydra
  8966 | D:11     | Noticed a centaur warrior
  8977 | D:11     | Killed a centaur warrior
  8977 | D:11     | Reached ***** piety under Okawaru
  8980 | D:11     | Noticed a centaur warrior
  9162 | D:11     | Killed a centaur warrior
  9211 | D:11     | Noticed a two-headed ogre
  9429 | D:11     | Received a gift from Okawaru
  9601 | D:10     | Killed a two-headed ogre
  9725 | D:8      | Found a sacrificial altar of Ru.
  9777 | D:8      | Reached skill level 1 in Invocations
  9814 | D:8      | Noticed a two-headed ogre
  9819 | D:8      | Killed a two-headed ogre
  9905 | D:8      | Noticed Aqweryyt's ghost (novice DrVM)
  9946 | D:8      | Reached skill level 1 in Polearms
  9974 | D:8      | Killed Pikel
  9974 | D:8      | Received a gift from Okawaru
 10000 | D:8      | Killed Aqweryyt's ghost
 10000 | D:8      | Reached XP level 12. HP: 74/103 MP: 9/12
 10202 | D:8      | Noticed a two-headed ogre
 10209 | D:8      | Killed a two-headed ogre
 10380 | D:8      | Killed a two-headed ogre
 10672 | D:10     | HP: 5/103 [nine-headed hydra (13)]
 10687 | D:11     | Noticed a centaur warrior
 10993 | D:11     | Killed a centaur warrior
 11037 | D:11     | Killed a four-headed hydra
 11266 | D:11     | Found a staircase to the Orcish Mines.
 11315 | D:11     | Reached ****** piety under Okawaru
 11359 | Lair:1   | Entered Level 1 of the Lair of Beasts
 11428 | Lair:1   | Received a gift from Okawaru
 11562 | Lair:1   | Noticed a six-headed hydra
 12107 | Orc:1    | Entered Level 1 of the Orcish Mines
 12107 | Orc:1    | Found Gycaynt's Magic Scroll Emporium.
 12207 | Orc:1    | Found a roughly hewn altar of Beogh.
 12211 | Orc:1    | Bought a scroll of teleportation for 33 gold pieces
 12355 | Orc:1    | Noticed an ettin
 12425 | Orc:2    | Entered Level 2 of the Orcish Mines
 12426 | Orc:2    | Found a staircase to the Elven Halls.
 12720 | Orc:2    | Received a gift from Okawaru
 12803 | D:11     | Bought a scroll of acquirement for 728 gold pieces
 12803 | D:11     | Bought a scroll of enchant armour for 105 gold pieces
 12805 | D:11     | Found the necklace of Bloodlust {*Rage +Rage MR++ Int-3 Slay+6 *Curse}
 12885 | Orc:1    | Reached skill level 5 in Polearms
 13071 | Orc:2    | Reached XP level 13. HP: 113/114 MP: 14/14
 13144 | Orc:2    | Mangled by an orc knight

Vault maps used:
D:1:      shiori_arrival_whats_in_store_for_you, minmay_misc_feat_chi
D:2:      serial_bayou, serial_bayou_pond_b, serial_bayou_ford_a,
          serial_bayou_pond_b, serial_bayou_pond_a, st_stairs_9,
          grunt_ministairs_1, uniq_natasha
D:3:      old_standard_altar
D:4:      led_sif_pool
D:5:      first_ration
D:6:      nicolae_qazlal_style_of_elements,
          minmay_temple_entry_statues_fountains, gup_sewer_entry_bowl,
          serial_shops, shop, vehumet_altar_wand_db, uniq_sigmund
D:7:      grunt_temple_overflow_diamond, uniq_menkaure, uniq_prince_ribbit1,
          uniq_joseph
D:8:      kennysheep_ambush_hall, nicolae_ru_awakened_eye, david_nohive_1,
          uniq_pikel
D:10:     hangedman_decor_slide_cut
D:11:     hangedman_what_comes_after_a, grunt_lair_entry_orc_guard_hut,
          hiddenorc2_lemuel, serial_shops, nicolae_shop_waterfront
D:12:     basic_altar
Temple:   eino_temple_scatter_basement
Lair:1:   lemuel_fruit_tree
Orc:1:    serial_shops, nicolae_shop_stone,
          nicolae_shop_competitors_out_of_business, basic_altar
Orc:2:    grunt_orc_gardens, grunt_orc_garden, grunt_orc_garden,
          grunt_orc_garden, grunt_orc_garden
Sewer:    sewer_co_tree

Skill      XL: |  1  2  3  4  5  6  7  8  9 10 11 12 |
---------------+-------------------------------------+-----
Dodging        | 3 4 5 6 7 8 |  8.0
Unarmed Combat | 3 4 5 6 8 10 | 10.9
Shields        | 3 4 5 |  5.7
Fighting       | 3 4 5 6 7 |  7.8
Stealth        | 1 2 |  2.1
Axes           | 1 5 7 |  7.9
Armour         | 1 2 3 |  3.7
Throwing       | 1 |  1.0
Invocations    | 1 3 |  3.7
Polearms       | 1 5 |  5.4

Action                   |  1- 3 |  4- 6 |  7- 9 | 10-12 | 13-15 || total
-------------------------+-------+-------+-------+-------+-------++-------
Melee: Unarmed           |    88 |   207 |   269 |       |       ||   564
       War axe           |       |       |    49 |   352 |       ||   401
       Glaive            |       |       |       |    71 |       ||    71
       Peck              |       |       |       |   145 |     6 ||   151
       Demon trident     |       |       |       |   393 |    17 ||   410
       Punch             |       |       |       |    28 |       ||    28
Throw: Large rock        |       |       |       |    11 |       ||    11
Invok: Heroism           |       |       |       |    16 |       ||    16
       Finesse           |       |       |       |     1 |       ||     1
Evoke: Wand              |       |       |       |     6 |       ||     6
  Use: Scroll            |       |     8 |     6 |    24 |       ||    38
       Potion            |       |       |     2 |    20 |     2 ||    24
 Stab: Sleeping          |     1 |       |     2 |     3 |       ||     6
       Distracted        |       |       |     1 |       |       ||     1
  Eat: Chunk             |    16 |    15 |    32 |    70 |     2 ||   135
Armor: Robe              |    41 |    39 |    31 |       |       ||   111
       Troll leather arm |       |       |    25 |   286 |     2 ||   313
Dodge: Dodged            |    20 |    51 |   115 |   679 |     7 ||   872
Block: Shield            |    43 |    82 |   154 |   264 |       ||   543

Table legend:
 A = Spawn XP
 B = Non-spawn XP
 C = Spawn XP percentage of total XP
 D = Spawn monster count
 E = Non-spawn monster count
 F = Spawn count percentage of total count
 G = Total turns spent on level
                    A         B        C        D         E        F      G
               +---------+---------+-------+---------+---------+-------+---------
         Total |       0 |   39175 |   0.0 |       0 |     513 |   0.0 | 13144
               +---------+---------+-------+---------+---------+-------+---------
           D:1 |       0 |      33 |   0.0 |       0 |      20 |   0.0 |   934
           D:2 |       0 |     201 |   0.0 |       0 |      36 |   0.0 |   858
           D:3 |       0 |     480 |   0.0 |       0 |      48 |   0.0 |   919
           D:4 |       0 |     658 |   0.0 |       0 |      29 |   0.0 |   726
           D:5 |       0 |     435 |   0.0 |       0 |      11 |   0.0 |   509
           D:6 |       0 |    1973 |   0.0 |       0 |      33 |   0.0 |   804
           D:7 |       0 |    1286 |   0.0 |       0 |       8 |   0.0 |   764
           D:8 |       0 |    7777 |   0.0 |       0 |      72 |   0.0 |  1110
           D:9 |       0 |    1639 |   0.0 |       0 |      26 |   0.0 |  1000
          D:10 |       0 |    4733 |   0.0 |       0 |      31 |   0.0 |  1487
          D:11 |       0 |    9955 |   0.0 |       0 |      97 |   0.0 |  1702
          D:12 |       0 |     616 |   0.0 |       0 |       9 |   0.0 |   358
        Lair:1 |       0 |    2074 |   0.0 |       0 |      11 |   0.0 |   247
         Orc:1 |       0 |    1827 |   0.0 |       0 |      17 |   0.0 |   535
         Orc:2 |       0 |    5133 |   0.0 |       0 |      37 |   0.0 |   403
         Sewer |       0 |     355 |   0.0 |       0 |      28 |   0.0 |   540
               +---------+---------+-------+---------+---------+-------+---------
